 Dungeon Crawl Stone Soup version 0.30.0-29-ga12c61a403 (webtiles) character file.

Game seed: 9832886087874326123

14879 seaoflcl the Cleaver (level 11, -3/99 HPs)
             Began as a Minotaur Fighter on June 14, 2023.
             Was an Initiate of Gozag.
             Slain by a death yak (7 damage)
             ... on level 2 of the Lair of Beasts.
             The game lasted 00:20:11 (11411 turns).

seaoflcl the Cleaver (Minotaur Fighter)            Turns: 11411, Time: 00:20:12

Health: -3/99      AC: 19    Str: 32    XL:     11   Next: 94%
Magic:  1/10       EV:  9    Int:  5    God:    Gozag
Gold:   918        SH:  6    Dex:  9    Spells: 10/10 levels left

rFire   + . .        P - +5 spear
rCold   . . .        c - +0 buckler
rNeg    . . .        R - +0 plate armour
rPois   .            (helmet restricted)
rElec   .            t - +0 cloak
rCorr   .            B - +1 pair of gloves {infuse}
SInv    .            (no boots)
Will    .....        f - amulet of regeneration Stlth
                     y - +6 ring of strength
HPRegen 1.16/turn    v - ring of protection from fire
MPRegen 0.12/turn

%: infuse magic (1 MP)
@: about to teleport, gold aura, studying Armour
A: horns 2, retaliatory headbutt
a: Renounce Religion, Potion Petition, Call Merchant, Bribe Branch


You were on level 2 of the Lair of Beasts.
You worshipped Gozag.
Gozag was pleased with you.
You visited 2 branches of the dungeon, and saw 11 of its levels.

You collected 1844 gold pieces.
You spent 172 gold pieces at shops.
You paid 754 gold pieces to Gozag.

Inventory:

Hand Weapons
 a - a +0 war axe
 n - a +2 mace of freezing
 s - a +2 vampiric halberd
 A - a +2 heavy flail
 J - a +4 flail
 P - a +5 spear (weapon)
Missiles
 d - 4 throwing nets
 o - 19 poisoned darts
 M - 2 curare-tipped darts
 S - 2 boomerangs
Armour
 c - a +0 buckler (worn)
 t - a +0 cloak (worn)
 B - a +1 pair of gloves of infusion (worn)
 E - the +3 leather armour of Caqu {Rampage rPois Int-3 Stlth+}
   (You found it on level 6 of the Dungeon)

   Int:       It affects your intelligence (-3).
   rPois:     It protects you from poison.
   Rampage:   It bestows one free step when moving towards enemies.
   Stlth:     It makes you more stealthy.
 L - a +2 ring mail of willpower
 R - a +0 plate armour (worn)
Jewellery
 f - an amulet of regeneration (around neck)
 v - a ring of protection from fire (right hand)
 y - a +6 ring of strength (left hand)
 H - a +5 ring of evasion
Wands
 I - a wand of flame (32) (quivered)
Scrolls
 b - 4 scrolls of poison
 l - 3 scrolls of teleportation
 m - 2 scrolls of enchant armour
 r - 3 scrolls of brand weapon {unknown}
 u - 2 scrolls of vulnerability {unknown}
 D - 2 scrolls of fear {unknown}
 F - 6 scrolls of enchant weapon {unknown}
 N - a scroll of blinking {unknown}
 O - a scroll of amnesia {unknown}
Potions
 e - a potion of degeneration
 g - 2 potions of curing
 h - 3 potions of brilliance
 i - 3 potions of haste
 k - 3 potions of invisibility
 p - 2 potions of lignification {unknown}
 q - a potion of magic
 w - 4 potions of heal wounds
 x - a potion of cancellation {unknown}
 z - a potion of flight {unknown}
 C - a potion of attraction {unknown}
 K - a potion of ambrosia {unknown}
 Q - a potion of might
Miscellaneous
 G - a box of beasts


   Skills:
 + Level 9.7 Fighting
 + Level 12.3(12.8) Axes
 + Level 3.5(8.7) Maces & Flails
 + Level 4.5(9.1) Polearms
 + Level 7.3 Throwing
 + Level 12.2 Armour
 + Level 4.1 Dodging
 + Level 9.9 Shields
 + Level 3.3 Evocations


You had 10 spell levels left.
You didn't know any spells.
Your spell library contained the following spells:

 Spells                   Type           Power      Damage    Failure   Level
 Sting                    Tmut/Pois      0%         1d3       98%         1
 Ensorcelled Hibernation  Hex/Ice        0%         N/A       99%         2
 Poisonous Vapours        Pois/Air       0%         N/A       99%         2
 Spider Form              Tmut/Pois      0%         N/A       100%        3
 Anguish                  Hex/Necr       0%         N/A       100%        4
 Olgreb's Toxic Radiance  Pois           0%         N/A       100%        4


Dungeon Overview and Level Annotations

Branches:
Dungeon (9/15)             Temple (0/1) D:7            Lair (2/5) D:9
 Shoals (0/4) Lair:2
  Snake: Lair:2-3    Spider: Lair:2-3       Orc: D:9-12

Altars:
Cheibriados
Elyvilon
Fedhas
Gozag
Okawaru
Uskayaw
Vehumet

Shops:
D:1 [   D:7 [(

Annotations:
D:3 1 runed translucent door, suzumiya's ghost, amateur DrIE


Innate Abilities, Weirdness & Mutations

You have a pair of horns on your head.
You reflexively headbutt those who attack you in melee.


Message History

The water moccasin misses you. You furiously retaliate!
You headbutt the water moccasin.
The death yak gores you but does no damage.
The death yak barely misses you.
As you read the scroll of teleportation, it crumbles to dust.
You feel strangely unstable.
The water moccasin bites you but does no damage.
The cane toad stings you! You block the death yak's attack.
The death yak gores you but does no damage.
The death yak barely misses you.
You puncture the water moccasin!
The water moccasin is almost dead.
The water moccasin misses you. You furiously retaliate!
You headbutt the water moccasin!
You kill the water moccasin!
You block the cane toad's attack.
The death yak gores you but does no damage.
The blink frog is distracted by your dazzling golden aura.
The death yak barely misses you. x2; The death yak gores you!
The blink frog gives a loud, deep croak!
Okay, then.
It was a potion of heal wounds.
You feel much better.
You hear a bellow! x2
The blink frog is no longer distracted by gold.
The cane toad stings you but does no damage.
The eight-headed hydra is distracted by your dazzling golden aura.
The death yak gores you. The death yak gores you!
The death yak gores you but does no damage.
The death yak closely misses you. The death yak gores you.
The death yak closely misses you. The cane toad stings you.
The blink frog closely misses you. You furiously retaliate!
You headbutt the blink frog! The death yak gores you! The death yak gores you.
The cane toad stings you!
* * * LOW HITPOINT WARNING * * *
The death yak gores you but does no damage.
The death yak gores you!
* * * LOW HITPOINT WARNING * * *
The death yak gores you!
You die...
Your body crumbles into a pile of gold.

......#,,,***,*,,,,,,,,~~~~~.P...
......+,,,,*,,,,,,,....#.#...##..
......#*,,*,,,,,,,*.....,+...+...
......##..##,,,,,*#.....,#...###.
......##..P#,*,,,#.....#*####**#.
......##..P######.......*******..
#..#.###...............#*,*,**.#.
...............FYY....>.,,,,,....
..............DF@Y......,,,,.....
...............YYY......,,,,,....
..............YY........,,,,,...^
............#.##.#......,,,,,,...
.............#.####.....,,..,,,..
#..Y#.#........:.,,.....**#PP,*#P
#..##.......##....*,....*,##..##P
.............#...#......,,.......
......#......#...#,.,,,,**.......


You could see 6 death yaks, an eight-headed hydra, 2 yaks, a cane toad and a
blink frog.

Vanquished Creatures
  2 two-headed ogres (D:8)
  A death yak (Lair:2)
  Pikel (D:5)
  2 harpies (Lair:2)
  A black mamba (Lair:2)
  A cane toad (Lair:2)
  3 komodo dragons
  Prince Ribbit (D:7)
  4 blink frogs (Lair:2)
  Sigmund (D:5)
  A shadow (D:9)
  A wyvern (D:9)
  3 basilisks
  8 yaks
  4 steam dragons
  Edmund (D:4)
  2 swamp worms (Lair:2)
  An acid dragon (D:9)
  7 water moccasins
  2 orc warriors
  A sky beast (D:7)
  4 black bears
  2 ogres
  2 lemures (D:5)
  17 wolves
  4 centaurs
  A phantom (D:7)
  Blork the orc (D:5)
  2 kobold brigands (D:8)
  8 bullfrogs
  3 gnoll sergeants
  2 scorpions
  16 wights
  7 killer bees (D:8)
  2 vampire bats (D:5)
  2 howler monkeys
  4 hounds
  3 jellies
  An orc priest (D:9)
  5 iguanas
  4 sleepcaps
  2 orc wizards
  17 gnolls
  12 adders
  A shadow imp (D:6)
  An ufetubus (D:7)
  A worm (D:5)
  29 orcs
  11 ball pythons
  4 endoplasms
  4 giant cockroaches
  8 goblins
  6 hobgoblins
  14 jackals
  8 kobolds
  2 quokkas (D:4)
  15 bats
  4 frilled lizards (D:2)
  2 rats
279 creatures vanquished.

Notes
Turn   | Place    | Note
-------+----------+-------------------------------------------
     0 | D:1      | seaoflcl the Minotaur Fighter began the quest for the Orb.
     0 | D:1      | Reached XP level 1. HP: 19/19 MP: 0/0
    77 | D:1      | Reached XP level 2. HP: 20/27 MP: 1/1
   617 | D:1      | Found Koafros's Antique Armour Shop.
   905 | D:2      | Reached XP level 3. HP: 33/33 MP: 2/2
  1471 | D:2      | Reached XP level 4. HP: 3/40 MP: 3/3
  1948 | D:3      | Found a runed translucent door.
  1948 | D:3      | Noticed suzumiya's ghost (amateur DrIE)
  2144 | D:3      | Reached skill level 1 in Throwing
  2288 | D:3      | Found a blossoming altar of Fedhas.
  2491 | D:4      | Reached XP level 5. HP: 46/47 MP: 4/4
  2502 | D:4      | Noticed Edmund
  2516 | D:4      | Killed Edmund
  2552 | D:4      | Reached skill level 5 in Axes
  2552 | D:4      | Reached XP level 6. HP: 53/53 MP: 5/5
  2646 | D:4      | Reached skill level 5 in Armour
  2646 | D:4      | Reached skill level 5 in Shields
  2668 | D:4      | Noticed a steam dragon
  2681 | D:4      | Killed a steam dragon
  2682 | D:4      | Reached skill level 5 in Fighting
  2682 | D:4      | Reached XP level 7. HP: 53/61 MP: 6/6
  3246 | D:5      | Entered Level 5 of the Dungeon
  3248 | D:5      | Noticed Sigmund
  3408 | D:5      | Killed Sigmund
  3409 | D:5      | Reached XP level 8. HP: 27/70 MP: 7/7
  3752 | D:5      | Noticed Blork the orc
  3763 | D:5      | Killed Blork the orc
  3782 | D:5      | Found a snail-covered altar of Cheibriados.
  3809 | D:5      | Found an opulent altar of Gozag.
  3819 | D:5      | Noticed Pikel
  3834 | D:5      | Killed Pikel
  3916 | D:5      | Became a worshipper of Gozag Ym Sagoz the Greedy
  4090 | D:6      | Reached XP level 9. HP: 78/78 MP: 8/8
  4186 | D:6      | Identified the +3 leather armour of Caqu {Rampage rPois
                  | Int-3 Stlth+}
  4860 | D:7      | Found Xyuxt's Antique Weapon Boutique.
  4937 | D:7      | Reached skill level 5 in Throwing
  5387 | D:7      | Found a staircase to the Ecumenical Temple.
  5562 | D:7      | Noticed Prince Ribbit
  5575 | D:7      | Killed Prince Ribbit
  5576 | D:7      | Reached skill level 10 in Axes
  6022 | D:8      | Noticed a two-headed ogre
  6035 | D:8      | Killed a two-headed ogre
  6036 | D:8      | Reached XP level 10. HP: 36/88 MP: 9/9
  6274 | D:8      | Reached skill level 10 in Armour
  6715 | D:8      | Found a hide-covered altar of Uskayaw.
  6715 | D:8      | Found a white marble altar of Elyvilon.
  7432 | D:8      | Reached skill level 1 in Polearms
  7438 | D:8      | Reached skill level 1 in Dodging
  7438 | D:8      | Reached skill level 1 in Evocations
  7737 | D:9      | Found a staircase to the Lair.
  7742 | D:9      | Noticed a two-headed ogre
  7803 | D:8      | Killed a two-headed ogre
  8014 | D:9      | Reached XP level 11. HP: 47/92 MP: 10/10
  8541 | D:9      | Found a radiant altar of Vehumet.
  8608 | D:9      | Reached skill level 1 in Maces & Flails
  9062 | D:1      | Bought a pair of runed gloves for 172 gold pieces
  9231 | Lair:1   | Entered Level 1 of the Lair of Beasts
  9934 | Lair:1   | Found an iron altar of Okawaru.
 10588 | Lair:2   | Noticed a seven-headed hydra
 10588 | Lair:2   | Noticed a death yak
 11356 | Lair:2   | Noticed a harpy
 11356 | Lair:2   | Noticed a harpy
 11356 | Lair:2   | Noticed a death yak
 11366 | Lair:2   | Noticed an eight-headed hydra
 11374 | Lair:2   | Killed a harpy
 11378 | Lair:2   | Killed a death yak
 11384 | Lair:2   | Killed a harpy
 11389 | Lair:2   | Noticed a death yak
 11402 | Lair:2   | Noticed a death yak
 11403 | Lair:2   | Noticed a death yak
 11404 | Lair:2   | Noticed a death yak
 11404 | Lair:2   | Noticed a death yak
 11411 | Lair:2   | HP: 4/99 [death yak (14)]
 11411 | Lair:2   | Slain by a death yak

Illustrated notes

Levels and vault maps discovered:
D:1:      dpeg_arrival_orchard, layout_basic, serial_shops,
          nicolae_shop_back_alley_shop
D:2:      layout_rooms
D:3:      layout_loops_cross, overflow_temple_1_default, gammafunk_ghost_grave,
          minmay_snake_closets
D:4:      layout_loops_cross, uniq_edmund
D:5:      layout_basic, cheibriados_altar_1, mainiacjoe_overflow_alcove_4,
          roderic_batcave, minmay_manual_moon, uniq_blork_the_orc, uniq_sigmund,
          uniq_pikel
D:6:      layout_rooms, serial_co_window_serial, co_window_paths_a,
          co_window_of_opportunity_a, co_window_paths_a,
          co_window_of_opportunity_a, co_window_of_opportunity_a,
          co_window_2corner, co_window_broadway_a, co_window_broadway_b,
          co_window_broadway_c, co_window_unsneaky_path_e, glass_columns_a,
          glass_columns_a
D:7:      layout_basic, minmay_temple_entry_poolview, serial_shops,
          nicolae_shop_back_alley_shop, uniq_prince_ribbit1
D:8:      kennysheep_spiral_hall, layout_loops_corners,
          nicolae_overflow_two_pavilions
D:9:      layout_basic, general_overflow_altar, minmay_lair_entry_grove
Lair:1:   beast_lair_carwin_large_4, layout_cave_pods, basic_altar
Lair:2:   layout_regular_city, nicolae_shoals_entry_roost, worms_lemuel

Skill      XL: |  1  2  3  4  5  6  7  8  9 10 11 |
---------------+----------------------------------+-----
Axes           | 3 4 5 7 8 10 11 12 | 12.3
Armour         | 4 5 7 9 11 12 | 12.2
Shields        | 4 5 6 8 9 |  9.9
Fighting       | 4 5 6 8 9 |  9.7
Throwing       | 1 2 3 4 5 6 7 |  7.3
Polearms       | 2 4 |  4.5
Dodging        | 2 4 |  4.1
Evocations     | 1 3 |  3.3
Maces & Flails | 3 |  3.5

Action                     |  1- 3 |  4- 6 |  7- 9 | 10-12 || total
---------------------------+-------+-------+-------+-------++-------
  Melee: War axe           |    77 |    99 |   255 |   195 ||   626
         Headbutt          |     2 |    14 |    45 |    81 ||   142
         Spear             |       |       |       |   239 ||   239
  Throw: Dart              |       |       |    14 |     3 ||    17
 Invoke: Call Merchant     |       |       |       |     1 ||     1
  Evoke: Wand              |       |       |       |     5 ||     5
    Use: Potion            |       |     2 |     1 |     4 ||     7
         Scroll            |       |       |       |    12 ||    12
 Armour: Scale mail        |    49 |    41 |       |       ||    90
         Chain mail        |       |     8 |   145 |    72 ||   225
         Plate armour      |       |       |       |   128 ||   128
  Dodge: Dodged            |    64 |    43 |   120 |   203 ||   430
  Block: Buckler           |    23 |    22 |    71 |   118 ||   234
